AoeStats
← matpochmara

Black Forest

503137017Analyzed
4v4 RM · 1mo ago on Aug 30, 2026· 58m 4s· 8 players
Game mode
Random Map
Map size
Large (8 player)
Population
200
Speed
Normal
Resources
Standard
Victory
Conquest
Starting age
Dark Age
Ending age
Imperial Age
RankedLock teamsTeams togetherTeam positionsShared explorationLock speedFull tech treeHidden civsTurbo modeCheats
Victory
Defeat
🇹🇷 Byzantines · Türkiye
1135
+15
🇺🇸 Goths · United States
1117
+16
🇪🇸 Bohemians · Spain
1106
+17
🇵🇱 Britons · Poland
1049
+19
🇹🇼 Spanish · Taiwan
1175
-19
🇨🇳 Mongols · China
1174
-19
🇹🇭 Wei · Thailand
1125
-17
🇦🇺 Cumans · Australia
1024
-13
American
4:26 Loom
12:17 Feudal Age
16:21 Castle Age
14:18 Double-Bit Axe
14:42 Horse Collar
17:24 Bow Saw
17:15 Heavy Plow
19:02 Wheelbarrow
23:27 Gold Mining
24:36 Hand Cart
25:57 Stone Mining
28:11 Scale Mail Armor
28:22 Forging
31:34 Imperial Age
29:24 Chain Mail Armor
29:44 Man-at-Arms
30:37 Long Swordsman
31:23 Squires
32:16 Iron Casting
32:25 Perfusion
32:45 Conscription
31:47 Pikeman
33:16 Crop Rotation
33:49 Two-Man Saw
32:19 Elite Huskarl
33:01 Anarchy
32:24 Elite Huskarl
32:28 Halberdier
34:30 Blast Furnace
39:59 Fletching
41:14 Chemistry
40:35 Ballistics
40:26 Masonry
41:27 Bodkin Arrow
46:05 Bracer
[KBRA] Oeseka
1:15 Loom
12:43 Feudal Age
18:29 Castle Age
18:29 Double-Bit Axe
20:53 Fervor
25:51 Bow Saw
26:41 Horse Collar
28:29 Wheelbarrow
30:02 Chemistry
30:02 Heavy Plow
32:40 Imperial Age
31:41 Hand Cart
31:52 Forging
31:42 Scale Mail Armor
31:59 Masonry
33:12 Iron Casting
32:40 Squires
32:01 Pikeman
33:59 Siege Engineers
33:42 Houfnice
33:46 Halberdier
35:12 Chain Mail Armor
35:57 Blast Furnace
36:26 Plate Mail Armor
40:36 Fletching
40:47 Padded Archer Armor
47:53 Architecture
48:58 Wagenburg Tactics
50:03 Wagenburg Tactics
50:19 Conscription
54:16 Two-Man Saw
54:20 Scale Barding Armor
Lykion
1:16 Loom
13:15 Feudal Age
16:09 Double-Bit Axe
20:05 Castle Age
19:11 Horse Collar
22:34 Bow Saw
25:36 Fortified Wall
29:21 Wheelbarrow
31:38 Heavy Plow
34:14 Imperial Age
33:25 Husbandry
33:33 Scale Barding Armor
33:38 Forging
35:24 Chain Barding Armor
35:40 Iron Casting
34:32 Heavy Camel Rider
34:52 Elite Skirmisher
35:25 Fletching
35:35 Padded Archer Armor
37:34 Crop Rotation
46:56 Plate Barding Armor
matpochmara
11:52 Feudal Age
10:09 Loom
15:03 Fletching
15:09 Double-Bit Axe
17:31 Castle Age
15:49 Double-Bit Axe
16:27 Horse Collar
18:55 Crossbowman
20:17 Fletching
20:35 Town Watch
25:17 Padded Archer Armor
32:37 Gold Mining
32:38 Stone Mining
38:14 Gold Shaft Mining
37:53 Bow Saw
40:38 Imperial Age
38:46 Wheelbarrow
38:32 Bodkin Arrow
39:29 Caravan
40:28 Leather Archer Armor
41:07 Yeomen
41:16 Arbalester
42:29 Elite Skirmisher
44:25 Two-Man Saw
45:28 Bracer
46:33 Conscription
48:28 Hand Cart
52:27 Ballistics
53:08 Chemistry
HarpotheHat
1:05 Loom
14:05 Feudal Age
15:34 Double-Bit Axe
15:41 Horse Collar
23:09 Castle Age
30:26 Elite Skirmisher
34:01 Fletching
43:12 Bodkin Arrow
STRAGEDY
11:37 Feudal Age
13:06 Wheelbarrow
13:31 Loom
16:07 Castle Age
14:33 Double-Bit Axe
17:48 Bow Saw
22:09 Horse Collar
23:07 Heavy Plow
24:29 Gold Mining
25:44 Scale Barding Armor
25:49 Forging
25:55 Husbandry
27:14 Chain Barding Armor
28:45 Bloodlines
30:34 Iron Casting
29:51 Fletching
30:40 Town Watch
34:49 Imperial Age
33:11 Padded Archer Armor
33:13 Scale Mail Armor
35:21 Leather Archer Armor
35:22 Chain Mail Armor
34:30 Pikeman
35:10 Squires
36:35 Chemistry
35:19 Cavalier
36:49 Ring Archer Armor
36:55 Plate Barding Armor
37:20 Blast Furnace
36:43 Paladin
38:52 Elite Skirmisher
41:06 Light Cavalry
42:24 Hussar
43:45 Caravan
45:27 Conscription
alex950
1:54 Loom
13:23 Feudal Age
17:38 Castle Age
15:51 Double-Bit Axe
17:27 Wheelbarrow
16:41 Horse Collar
18:42 Stone Mining
30:00 Hand Cart
34:36 Imperial Age
32:21 Fletching
32:31 Padded Archer Armor
32:56 Ballistics
32:45 Heavy Plow
32:59 Bow Saw
32:42 Gold Mining
34:29 Thumb Ring
34:24 Bodkin Arrow
34:45 Leather Archer Armor
35:10 Gold Shaft Mining
35:54 Bloodlines
35:08 Elite Mangudai
36:10 Conscription
36:37 Bracer
37:44 Chemistry
37:17 Parthian Tactics
36:55 Husbandry
37:30 Scale Barding Armor
37:36 Forging
36:50 Light Cavalry
37:31 Capped Ram
39:18 Chain Barding Armor
40:43 Iron Casting
40:44 Siege Ram
42:05 Town Watch
42:32 Onager
43:22 Hussar
45:21 Drill
47:09 Elite Skirmisher
48:02 Nomads
51:11 Blast Furnace
SB 打碎小粉紅
6:01 Loom
13:45 Feudal Age
15:07 Wheelbarrow
14:30 Double-Bit Axe
14:28 Horse Collar
18:57 Castle Age
17:37 Gold Mining
17:39 Stone Mining
20:10 Bow Saw
20:45 Heavy Plow
21:37 Hand Cart
24:07 Caravan
28:21 Gold Shaft Mining
28:22 Stone Shaft Mining
31:48 Imperial Age
29:48 Scale Barding Armor
31:17 Chain Barding Armor
31:07 Forging
32:35 Bloodlines
32:25 Husbandry
31:46 Light Cavalry
33:34 Crop Rotation
32:38 Heavy Hei Guang Cavalry
33:49 Conscription
34:47 Iron Casting
34:03 Fletching
34:01 Town Watch
34:02 Hussar
35:16 Ming Guang Armor
36:10 Elite Tiger Cavalry
36:51 Tuntian
44:11 Blast Furnace
43:12 Padded Archer Armor
43:07 Bodkin Arrow
47:07 Leather Archer Armor
46:52 Bracer
46:53 Scale Mail Armor
49:38 Parthian Tactics
49:19 Thumb Ring
48:35 Elite Skirmisher
Connection lost

Rejoining the realm…

Still unreachable

The connection could not be restored.

Session expired

The server has moved on; the page needs a fresh start.